 Dungeon Crawl Stone Soup version bcrawl-1.21 (webtiles) character file.

Game seed: 6822023464194082689

88 Freyura the Twirler (level 4, 0/34 HPs)
             Began as a Demonspawn Gladiator on Feb 15, 2020.
             Was a Follower of Ashenzari.
             Killed from afar by an adder (33 damage)
             ... with an exploding inner flame
             ... hexed by the player character
             ... on level 3 of the Dungeon.
             The game lasted 00:05:10 (2511 turns).

Freyura the Twirler (Demonspawn Gladiator)          Turns: 2511, Time: 00:05:11

Health: 0/34       AC:  6    Str: 15    XL:     4   Next: 30%
Magic:  0/4        EV: 12    Int:  9    God:    Ashenzari [*.....]
Gold:   167        SH:  0    Dex: 15    Spells: 3/3 levels left

rFire    . . .     SeeInvis .   a - +1 quarterstaff (curse)
rCold    . . .     Gourm    .   (shield currently unavailable)
rNeg     . . .     Faith    .   h - +0 ring mail
rPois    .         Spirit   +   c - +0 helmet (curse)
rElec    .         Reflect  .   (no cloak)
rCorr    .         Harm     .   (no gloves)
MR       .....                  (no boots)
Stlth    +.........             (no amulet)
HPRegen  0.11/turn              (no ring)
MPRegen  0.09/turn              (no ring)

@: no status effects
A: magic shield, rot immunity
a: Curse Item, Scrying, Renounce Religion


You were on level 3 of the Dungeon.
You worshipped Ashenzari.
Ashenzari was aware of your devotion.
You were not hungry.

You visited 1 branch of the dungeon, and saw 3 of its levels.

You collected 167 gold pieces.

Inventory:

Hand Weapons
 a - a cursed +1 quarterstaff (weapon)
Missiles
 d - 5 throwing nets (quivered) {!f}
Armour
 c - a cursed +0 helmet (worn)
 f - a +2 buckler
 h - a +0 ring mail (worn)
Scrolls
 k - 5 scrolls of identify
 n - a scroll of enchant armour
 p - a scroll of teleportation {unknown}
 q - a scroll of remove curse {unknown}
Potions
 g - a potion of resistance {unknown}
 l - a potion of agility {unknown}
 m - a potion of curing {unknown}
Comestibles
 e - 5 rations {!d}


   Skills:
 + Level 2.6 Fighting
 * Level 3.6 Staves
 - Level 1.7 Throwing
 + Level 1.3 Armour
 + Level 3.2 Dodging


You had 3 spell levels left.
You didn't know any spells.
Your spell library was empty.

Dungeon Overview and Level Annotations

Branches:
Dungeon (3/12)

Altars:
Ashenzari
Gozag
Uskayaw


Innate Abilities, Weirdness & Mutations

When hurt, damage is shared between your health and your magic reserves.
You are immune to rotting.


Message History

As you read the scroll labeled IBROACUDATOS, it crumbles to dust.
It is a scroll of identify.
n - a scroll of enchant armour The adder barely misses you.
You miss the adder. The adder completely misses you.
You miss the adder. The adder closely misses you. The adder barely misses you.
You closely miss the adder. The adder bites you.
You closely miss the adder. The adder barely misses you.
The adder completely misses you.
You thump the adder!
The adder is severely wounded.
The adder bites you.
You closely miss the adder.
The adder is severely wounded.
The adder barely misses you.
You hit the adder.
The adder explodes!
The fiery explosion engulfs you!
Ouch! That really hurt!
You die...

##########
.........
#...§§.#
#...§.@#
#....§.#
#......#
##..####
#.. #..
... ###


There were no monsters in sight!

Vanquished Creatures
  An adder (D:2)
  An ooze (D:2)
  4 worms (D:2)
  4 dart slugs
  A leopard gecko (D:2)
  A giant cockroach (D:1)
  8 hobgoblins
  2 jackals (D:2)
  3 quokkas (D:2)
  3 bats
  3 frilled lizards
  8 goblins
  6 kobolds (D:2)
  9 rats
54 creatures vanquished.

Notes
Turn   | Place    | Note
-------+----------+-------------------------------------------
     0 | D:1      | Freyura the Demonspawn Gladiator began the quest for the
                  | Orb.
     0 | D:1      | Reached XP level 1. HP: 16/16 MP: 1/1
   420 | D:1      | Gained mutation: When hurt, damage is shared between your
                  | health and your magic reserves. [demonic ancestry]
   420 | D:1      | Reached XP level 2. HP: 22/22 MP: 2/2
   602 | D:1      | Found a shattered altar of Ashenzari.
   609 | D:1      | Became a worshipper of Ashenzari the Shackled
  1347 | D:2      | Reached skill level 1 in Armour
  1347 | D:2      | Gained mutation: You are immune to rotting. [demonic
                  | ancestry]
  1347 | D:2      | Reached XP level 3. HP: 28/28 MP: 3/3
  1930 | D:2      | Found a hide-covered altar of Uskayaw.
  2060 | D:2      | Reached XP level 4. HP: 32/34 MP: 2/4
  2102 | D:2      | Found an opulent altar of Gozag.
  2204 | D:2      | Reached * piety under Ashenzari
  2511 | D:3      | Killed from afar by an adder

Skill      XL: |  1  2  3 |
---------------+----------+-----
Staves         | 3 |  3.6
Armour         | 1 |  1.3
Dodging        | 3 |  3.2
Fighting       | |  2.6
Throwing       | |  1.7

Action                   |  1- 3 |  4- 6 || total
-------------------------+-------+-------++-------
Melee: Quarterstaff      |   134 |    42 ||   176
Invok: Curse Item        |     2 |       ||     2
  Use: Scroll            |       |     4 ||     4
 Stab: Sleeping          |     1 |       ||     1
  Eat: Chunk             |     4 |     1 ||     5
Armor: Leather armour    |     6 |       ||     6
       Ring mail         |    31 |    15 ||    46
Dodge: Dodged            |    62 |    39 ||   101
